 Dungeon Crawl Stone Soup version 0.26.1-10-gdfb7c7de75 (webtiles) character file.

Game seed: 8674289271633576289

106 phalm the Shield-Bearer (level 4, -4/29 HPs)
             Began as a Gargoyle Fighter on Apr 9, 2021.
             Slain by a gnoll
             ... wielding a +0 halberd
              (6 damage)
             ... on level 4 of the Dungeon.
             The game lasted 00:02:22 (2687 turns).

phalm the Shield-Bearer (Gargoyle Fighter)          Turns: 2687, Time: 00:02:23

Health: -4/29      AC: 10    Str: 21    XL:     4   Next: 84%
Magic:  4/4        EV:  7    Int:  8    God:
Gold:   199        SH:  9    Dex:  9    Spells: 3/3 levels left

rFire    . . .     SeeInvis .   a - +0 flail
rCold    . . .     Faith    .   c - +0 kite shield
rNeg     + . .     Spirit   .   b - +0 scale mail
rPois    ∞         Reflect  .   (no helmet)
rElec    +         Harm     .   (no cloak)
rCorr    .         Rampage  .   (no gloves)
Will     .....                  (no boots)
Stlth    ..........             (no amulet)
HPRegen  0.09/turn              (no ring)
MPRegen  0.09/turn              (no ring)

@: no status effects
A: negative energy resistance 1, electricity resistance, unbreathing,
petrification resistance, miasma immunity, AC +3
a: no special abilities


You were on level 4 of the Dungeon.
You visited 1 branch of the dungeon, and saw 4 of its levels.

You collected 199 gold pieces.

Inventory:

Hand Weapons
 a - a +0 flail (weapon)
Armour
 b - a +0 scale mail (worn)
 c - a +0 kite shield (worn)
Jewellery
 h - a cursed amulet of inaccuracy {unknown}
Scrolls
 f - a scroll of enchant weapon {unknown}
 g - 5 scrolls of identify {unknown}
 l - a scroll of noise {unknown}
 n - a scroll of fear {unknown}
 p - a scroll of immolation {unknown}
 q - a scroll of remove curse {unknown}
 r - a scroll of teleportation {unknown}
Potions
 d - a potion of might
 e - a potion of cancellation {unknown}
 i - a potion of curing
 j - a potion of haste {unknown}
 k - a potion of invisibility {unknown}
 m - a potion of brilliance {unknown}
 o - a potion of berserk rage {unknown}


   Skills:
 + Level 3.8 Fighting
 * Level 3.2 Maces & Flails
 + Level 3.8 Armour
 * Level 4.3 Shields


You had 3 spell levels left.
You didn't know any spells.
Your spell library was empty.

Dungeon Overview and Level Annotations

Branches:
Dungeon (4/15)
 Temple: D:4-7

Altars:
Kikubaaqudgha
Sif Muna
Xom


Innate Abilities, Weirdness & Mutations

You are resistant to torment.
Your stone body is resilient. (AC +3)
You are immune to poison.
You resist negative energy. (rN+)
You are resistant to electric shocks. (rElec)
You can survive without breathing.
You are immune to petrification.
You are immune to miasma.


Message History

The gnoll is severely wounded.
The gnoll hits you with a +0 halberd. The gnoll barely misses you.
You hit the gnoll.
You kill the gnoll!
The gnoll hits you but does no damage.
You sock the gnoll!
The gnoll is almost dead.
You block the gnoll's attack. x2
Your scale mail prevents you from hitting the gnoll.
The gnoll is almost dead.
The gnoll hits you.
* * * LOW HITPOINT WARNING * * *
You hit the gnoll.
You kill the gnoll!
A gnoll comes into view. It is wielding a +0 halberd.
The gnoll hits you with a +0 halberd.
* * * LOW HITPOINT WARNING * * *
You see here a long sword.
The gnoll hits you from afar with a +0 halberd.
You die...

########
##......#
#.......####
#..#.......#
#....<.###.#
#......#.#.#
#.#.#.@#...# #
#....#.###
#.#.g..#
#.##)###
#.##...# #
#.####.#
#.#..†)#.#
#gg[.#g#.#
$........#.#.#


You could see a gnoll.

Vanquished Creatures
  A worker ant (D:4)
  2 gnolls (D:4)
  An adder (D:3)
  An ooze (D:3)
  A worm (D:2)
  5 giant cockroaches
  7 goblins
  4 hobgoblins
  4 jackals (D:3)
  3 kobolds
  A quokka (D:3)
  7 bats
  A frilled lizard (D:2)
  5 rats
43 creatures vanquished.

Notes
Turn   | Place    | Note
-------+----------+-------------------------------------------
     0 | D:1      | phalm the Gargoyle Fighter began the quest for the Orb.
     0 | D:1      | Reached XP level 1. HP: 14/14 MP: 1/1
   582 | D:1      | Found a shimmering altar of Xom.
   690 | D:1      | Reached XP level 2. HP: 12/19 MP: 2/2
  1309 | D:2      | Found an ancient bone altar of Kikubaaqudgha.
  1427 | D:2      | Reached XP level 3. HP: 20/23 MP: 3/3
  1830 | D:3      | Found a shimmering blue altar of Sif Muna.
  1939 | D:3      | Reached skill level 4 in Shields
  2242 | D:3      | Found a faded altar of an unknown god.
  2331 | D:3      | Reached XP level 4. HP: 24/29 MP: 4/4
  2676 | D:4      | HP: 1/29 [gnoll/+0 halberd (6)]
  2687 | D:4      | Slain by a gnoll

Illustrated notes

Levels and vault maps discovered:
D:1:      dpeg_arrival_circle_labyrinth_c, layout_basic, serial_bayou_lagoon_a,
          xom_teletrap_fun
D:2:      layout_loops_ring, kiku_gazebo_pond_becter
D:3:      layout_basic, chequers_ecumenical_altar_simple, st_stairs_7,
          led_sif_pool
D:4:      layout_basic, uniq_edmund, uniq_pikel

Skill      XL: |  1  2  3  4 |
---------------+-------------+-----
Shields        | 4 |  4.3
Maces & Flails | 3 |  3.2
Fighting       | |  3.8
Armour         | |  3.8

Action                   |  1- 3 |  4- 6 || total
-------------------------+-------+-------++-------
Melee: Flail             |   141 |    24 ||   165
Armor: Scale mail        |    80 |     5 ||    85
Dodge: Dodged            |    60 |    13 ||    73
Block: Kite shield       |    97 |    10 ||   107
